 Dungeon Crawl Stone Soup version 0.29-a0-284-gf9362112df (webtiles) character file.

Game seed: 14021636625255831513

446 drugrobin the Chopper (level 6, -2/53 HPs)
             Began as a Demigod Fighter on Mar 20, 2022.
             Slain by an ogre
             ... wielding a +0 giant club
              (16 damage)
             ... on level 4 of the Dungeon.
             The game lasted 00:12:04 (3540 turns).

drugrobin the Chopper (Demigod Fighter)             Turns: 3540, Time: 00:12:05

Health: -2/53      AC:  6    Str: 31    XL:     6   Next: 44%
Magic:  8/8        EV:  9    Int: 10    God:
Gold:   86         SH:  0    Dex: 13    Spells: 5/5 levels left

rFire   . . .      SeeInvis .   a - +0 war axe
rCold   . . .      Faith    .   c - +0 buckler
rNeg    . . .      Spirit   .   b - +0 scale mail
rPois   .          Reflect  .   (no helmet)
rElec   .          Harm     .   (no cloak)
rCorr   +          Rampage  .   (no gloves)
Will    .....                   (no boots)
Stlth   ..........              (no amulet)
HPRegen 0.17/turn               j - ring of resist corrosion
MPRegen 0.11/turn               k - +6 ring of strength

@: confused, brilliant, attractive
A: high MP 1, forlorn, divine attributes, deterioration 1, mutation resistance 1
a: no special abilities


You were on level 4 of the Dungeon.
You visited 1 branch of the dungeon, and saw 4 of its levels.
You also visited: Ossuary.

You collected 125 gold pieces.
You spent 39 gold pieces at shops.

Inventory:

Hand Weapons
 a - a +0 war axe (weapon)
Missiles
 l - 83 stones (quivered)
 q - 9 poisoned darts
 r - a throwing net
Armour
 b - a +0 scale mail (worn)
 c - a +0 buckler (worn)
Magical Staves
 w - a staff of fire
Jewellery
 j - a ring of resist corrosion (left hand)
 k - a +6 ring of strength (right hand)
 p - a ring of see invisible
Scrolls
 e - 2 scrolls of enchant weapon
 f - a scroll of teleportation
 h - 3 scrolls of identify
 i - a scroll of immolation {unknown}
 m - 2 scrolls of summoning {unknown}
 n - 2 scrolls of fear
 v - a scroll of amnesia {unknown}
 x - a scroll of enchant armour {unknown}
 y - a scroll of fog {unknown}
Potions
 d - 2 potions of might
 g - a potion of flight {unknown}
 o - a potion of cancellation {unknown}
 s - a potion of magic {unknown}
 t - 2 potions of mutation
 u - 2 potions of attraction
 z - a potion of ambrosia {unknown}
 A - 2 potions of curing {unknown}
 B - 2 potions of brilliance
 C - 2 potions of haste {unknown}
 D - 2 potions of resistance {unknown}
 E - a potion of invisibility {unknown}
 F - a potion of heal wounds {unknown}


   Skills:
 + Level 4.5 Fighting
 * Level 5.5 Axes
 - Level 2.6 Armour
 - Level 2.6 Shields


You had 5 spell levels left.
You didn't know any spells.
Your spell library contained the following spells:

 Spells                   Type           Power      Damage    Failure   Level
 Apportation              Tloc           0%         N/A       71%         1
 Foxfire                  Conj/Fire      0%         2x1d4     71%         1
 Conjure Flame            Conj/Fire      0%         6-21      97%         3
 Inner Flame              Hex/Fire       0%         N/A       97%         3
 Stone Arrow              Conj/Erth      0%         3d7       97%         3
 Animate Armour           Summ/Erth      0%         N/A       100%        4
 Flame Wave               Conj/Fire      0%         2d4       100%        4
 Alistair's Intoxication  Tmut/Pois      0%         N/A       100%        5
 Lehudib's Crystal Spear  Conj/Erth      0%         10d2      100%        8


Dungeon Overview and Level Annotations

Branches:
Dungeon (4/15)            Ossuary (visited)
 Temple: D:4-7

Shops:
D:2 (


Innate Abilities, Weirdness & Mutations

You have an increased reservoir of magic. (+10% MP)
You shall have no god before yourself.
Your divine heritage dramatically boosts your attributes as you level up.
Your body sometimes deteriorates upon taking damage.
You are somewhat resistant to further mutation.


Message History

Unknown command.
Unknown command.
Unknown command.
Unknown command.
Unknown command.
Unknown command.
Unknown command.
Unknown command.
Unknown command.
Unknown command.
Unknown command.
Unknown command.
It was a potion of mutation.
You feel extremely strange.
You feel yourself wasting away.
You feel genetically stable. The ogre closely misses you.
The goblin hits you with a +0 dagger.
The orc wizard hits you but does no damage.
Unknown command.
Unknown command.
Unknown command.
Unknown command.
Unknown command.
Unknown command.
Unknown command.
Unknown command.
It was a potion of attraction.
You feel attractive to monsters.
The orc wizard hits you but does no damage.
The ogre hits you with a +0 giant club!!
* * * LOW HITPOINT WARNING * * *
The goblin barely misses you.
Unknown command.
Unknown command.
Unknown command.
You are too confused!
Unknown command.
Unknown command.
It was a potion of brilliance.
You feel clever all of a sudden. The ogre hits you with a +0 giant club!
You die...

.O...## ***,,####.#####..#
......# **,,,..*****##'#
###.#.## ***##**,+,*,#.# #
#.#..########## ###+#+#.#
#*#^......O.....# #.'...'.#
......###+####..# ###...###
.##..#8,,,#..8#.##*,+...+,*
.##..#..,#...S#Oo#**#+#+#+*
.##..#....#...#.@#*,+,*,*,*
,,...+.#.#(#.##gO#*********
,##.,**,#(#.#,+..#*****
,,,,,*,..#..,,#[..,,,,**
,**,,*,..,#.,,#..##**,,*
,**,,*8,,*,,,8#..# **,*
,**,,,****+***..## *,**
,,,,,,,,,,,,,,..#
*,,*********
,,*,,,,,,,,,*###*
**,,,,,,,,,*


You could see 2 ogres, an orc wizard and a goblin.

Vanquished Creatures
  An ogre (D:3)
  An elf skeleton (D:4)
  3 human zombies (Ossuary)
  An orc wizard (D:3)
  A human skeleton (D:4)
  3 mummies (Ossuary)
  5 adders
  A worm (D:3)
  A dart slug (D:4)
  7 orcs (D:3)
  4 bats
  3 endoplasms
  3 giant cockroaches
  16 goblins
  4 hobgoblins
  2 quokkas
  9 ball pythons
  2 frilled lizards
  3 goblin zombies (Ossuary)
  A hobgoblin zombie (Ossuary)
  5 kobolds
  An orc zombie (Ossuary)
  9 rats
86 creatures vanquished.

Notes
Turn   | Place    | Note
-------+----------+-------------------------------------------
     0 | D:1      | drugrobin the Demigod Fighter began the quest for the Orb.
     0 | D:1      | Reached XP level 1. HP: 18/18 MP: 3/3
   122 | D:2      | Reached skill level 2 in Axes
   203 | D:2      | Reached XP level 2. HP: 24/25 MP: 4/4
   269 | D:2      | Found Wunosmeg's Weapon Boutique.
   801 | D:3      | Reached XP level 3. HP: 22/31 MP: 5/5
  1122 | D:3      | Reached skill level 3 in Axes
  1358 | D:2      | Bought a throwing net for 39 gold pieces
  1728 | D:1      | Reached XP level 4. HP: 36/38 MP: 6/6
  2435 | D:3      | Noticed an ogre
  2771 | D:3      | Killed an ogre
  2772 | D:3      | Reached skill level 4 in Axes
  2772 | D:3      | Reached XP level 5. HP: 32/46 MP: 7/7
  3141 | D:4      | Found a sand-covered staircase.
  3149 | D:4      | Reached skill level 5 in Axes
  3152 | Ossuary  | Entered an ossuary
  3182 | Ossuary  | Reached XP level 6. HP: 48/52 MP: 8/8
  3538 | D:4      | Gained mutation: Your body sometimes deteriorates upon
                  | taking damage. [potion of mutation]
  3538 | D:4      | Gained mutation: You are somewhat resistant to further
                  | mutation. [potion of mutation]
  3540 | D:4      | Slain by an ogre

Illustrated notes

Levels and vault maps discovered:
D:1:      psy_arrival_spokes, layout_basic, hellmonk_ecumenical_altar_zigzags
D:2:      layout_basic, serial_shops, shop_statue
D:3:      minmay_angry_zag, layout_basic, gammafunk_temple_overflow_claw,
          serial_glass, glass_columns_b, glass_columns_a, glass_columns_c,
          glass_columns_b, glass_columns_b, glass_columns_b, glass_columns_a,
          glass_columns_a, glass_columns_a, glass_columns_a, glass_columns_a,
          glass_columns_b, glass_columns_a, glass_columns_c,
          due_unseen_surprise, item_on_display_b, item_on_display_a,
          minmay_ogre_servants
D:4:      layout_loops_cross, overflow_temple_1_default,
          beargit_hepliaklqana_dungeon_heroes, lemuel_coloured_pillars_altar,
          elyvilon_altar_3, nicolae_ossuary_entry_catacombs,
          portal_sewer_entry_e, minivault_1, guppyfry_early_orc_mine

Skill      XL: |  1  2  3  4  5 |
---------------+----------------+-----
Axes           | 2 3 4 5 |  5.5
Fighting       | 3 4 |  4.5
Armour         | |  2.6
Shields        | |  2.6

Action                   |  1- 3 |  4- 6 || total
-------------------------+-------+-------++-------
Melee: War axe           |   102 |   141 ||   243
Throw: Stone             |     4 |     8 ||    12
       Dart              |       |     7 ||     7
       Throwing net      |       |     1 ||     1
  Use: Scroll            |       |     4 ||     4
       Potion            |       |     3 ||     3
 Stab: Held in net/web   |       |     1 ||     1
Armor: Scale mail        |    47 |    63 ||   110
Dodge: Dodged            |    39 |    74 ||   113
Block: Buckler           |    23 |    32 ||    55

Table legend: (Time is in decaauts)
 A = Elapsed time spent in this place.
 B = Non-inter-level travel time spent in this place.
 C = Inter-level travel time spent in this place.
 D = Time resting spent in this place.
 E = Time spent auto-exploring this place.
 F = Levels seen in this place.
 G = Mean time per level.
                   A        B        C        D        E       F      G
               +--------+--------+--------+--------+--------+-----+--------+
         Total |   3628 |   3147 |    481 |      0 |   2045 |   5 |  725.6 |
       Dungeon |   3372 |   2891 |    481 |      0 |   2045 |   4 |  843.0 |
       Ossuary |    256 |    256 |      0 |      0 |      0 |   1 |  256.0 |
               +--------+--------+--------+--------+--------+-----+--------+

Top non-repeatable levels by time:
     D:3: 1195 daAuts
     D:2: 931 daAuts
     D:1: 895 daAuts
     D:4: 349 daAuts
 Ossuary: 256 daAuts
